 Dungeon Crawl Stone Soup version 0.25.1-2-g60ff931df9 (webtiles) character file.

Game seed: 6408421746426540123

39942 hawla the Carver (level 13, -8/174 HPs)
             Began as a Minotaur Fighter on Oct 25, 2020.
             Was an Initiate of Gozag.
             Splashed by a brown ugly thing's acid (10 damage)
             ... on level 14 of the Dungeon.
             The game lasted 00:53:50 (18915 turns).

hawla the Carver (Minotaur Fighter)                Turns: 18915, Time: 00:53:51

Health: -8/174     AC: 22    Str: 28    XL:     13   Next: 71%
Magic:  13/13      EV:  2    Int:  5    God:    Gozag
Gold:   1725       SH:  0    Dex: 12    Spells: 12/12 levels left

rFire    + . .     SeeInvis .   z - +2 scimitar (flame)
rCold    . . .     Gourm    .   (no shield)
rNeg     + + +     Faith    .   (armour currently unavailable)
rPois    +         Spirit   .   (helmet currently unavailable)
rElec    .         Reflect  .   (cloak currently unavailable)
rCorr    .         Harm     .   (gloves currently unavailable)
MR       .....     NoTele   +   (boots currently unavailable)
Stlth    ++........             (no amulet)
HPRegen  0.39/turn              m - ring of protection from fire
MPRegen  0.13/turn              v - +6 ring of strength

@: mighty, tree-form, corroded
A: (retaliatory headbutt), blurry vision 1, weak 1
a: Potion Petition, Call Merchant, Bribe Branch, Renounce Religion


You were on level 14 of the Dungeon.
You worshipped Gozag.
Gozag was most pleased with you.
You were very full.
You were a tree.
You visited 2 branches of the dungeon, and saw 16 of its levels.
You also visited: Ossuary.

You collected 3611 gold pieces.
You spent 1767 gold pieces at shops.
You paid 119 gold pieces to Gozag.

Inventory:

Hand Weapons
 w - a +2 dagger of venom
 z - a +2 scimitar of flaming (weapon)
 B - the +8 falchion "Fokikhel" {vorpal, +Fly rElec rF- Int+7}
   (You found it on level 10 of the Dungeon)

   It inflicts extra damage upon your enemies.
   It affects your intelligence (+7).
   It makes you vulnerable to fire.
   It insulates you from electricity.
   It lets you fly.
Missiles
 t - 29 poisoned darts
 x - 4 silver boomerangs (quivered)
 L - 4 curare-tipped darts
 O - 7 boomerangs
 S - 4 javelins
Armour
 h - a +0 pair of boots (melded)
 i - a scarf of invisibility
 k - the +2 cloak of Twilight (melded) {Int+2}
   (You acquired it in the Ecumenical Temple)

   It affects your intelligence (+2).
 l - a +0 ring mail of positive energy
 D - a +3 chain mail (melded)
 R - a +1 robe of cold resistance
Jewellery
 j - a +4 ring of protection
 m - a ring of protection from fire (left branch)
 v - a +6 ring of strength (right branch)
 A - an uncursed ring of ice
 F - an uncursed ring of protection from magic
 Q - an uncursed ring of ice
Wands
 b - a wand of enslavement (1)
 o - a wand of paralysis (6)
 q - a wand of random effects (34)
 y - a wand of clouds (4)
 N - a wand of digging (4)
Scrolls
 a - 10 scrolls of identify
 n - 2 scrolls of fog
 u - 4 scrolls of teleportation
 C - 7 scrolls of remove curse
 E - a scroll of fear
 T - a scroll of magic mapping
 V - a scroll of brand weapon
 W - a scroll of summoning
Potions
 c - 3 potions of magic
 e - 3 potions of mutation
 g - 3 potions of flight
 p - 4 potions of curing
 r - 2 potions of stabbing
 s - 7 potions of lignification
Miscellaneous
 M - a phial of floods
 P - a phial of floods
Comestibles
 f - a ration


   Skills:
 + Level 11.4 Fighting
 + Level 9.0(11.9) Short Blades
 + Level 13.6(14.7) Long Blades
 + Level 5.9 Throwing
 + Level 12.9 Armour
 * Level 11.9 Dodging
 + Level 3.9 Stealth
   Level 3.6 Shields
 + Level 1.4 Evocations


You had 12 spell levels left.
You didn't know any spells.
Your spell library was empty.

Dungeon Overview and Level Annotations

Branches:
Dungeon (15/15) Temple (1/1) D:4 Lair (0/6) D:11 Orc (0/2) D:10 Vaults (0/5) D:13 D:14 Ossuary (visited) Depths: D:15

Altars:
Ashenzari
Cheibriados
Dithmenos
Elyvilon
Fedhas
Gozag
Hepliaklqana
Kikubaaqudgha
Makhleb
Nemelex Xobeh
Qazlal
Ru
Sif Muna
Trog
Vehumet
Wu Jian
Xom
Yredelemnul
The Shining One
Beogh

Shops:
D:13 *

Portals:
Trove: D:11 (give +4 fire dragon scales)

Annotations:
D:10 2 runed translucent doors


Innate Abilities, Weirdness & Mutations

((You reflexively headbutt those who attack you in melee.))
((You have a pair of horns on your head.))
((You have sharp toenails.))
Scrolls take you a little longer to read.
((Your system is resistant to poisons. (rPois)))
You are weak. (Str -2)


Message History

The komodo dragon bites you!!
* * * LOW HITPOINT WARNING * * *
The vampire hits you but does no damage.
The vampire completely misses you.
The four-headed hydra bites you but does no damage. x3
The four-headed hydra bites you.
* * * LOW HITPOINT WARNING * * *
The brown ugly thing stings you but does no damage.
The vampire mosquito bites you but does no damage.
You feel very mighty all of a sudden.
The vampire mosquito bites you but does no damage.
The komodo dragon bites you but does no damage.
The vampire hits you but does no damage.
The vampire barely misses you.
The four-headed hydra bites you but does no damage. x4
The brown ugly thing stings you.
* * * LOW HITPOINT WARNING * * *
The acid corrodes you!
You are splashed with acid!
You die...
Your body crumbles into a pile of gold.

....#.# ###..###.##...# ##.##.#
###.#.####.............#####.##.#
###..........................##.#
#.)...###..............########.#
#.######.........^.....# #.#
...............).......# #>#
#.######.......∩<......# #.#
#..........)...lyV.....# #.#
##########(...)D♣u.....# #.#
#....((.....### #.# #...........#
#># ##..........# #######.#
#..........# #.......#
#.##.####..# #.#######
#.....###.### #.# ###.#.......#
#.# #...#####.###.##


You could see a four-headed hydra, a brown ugly thing, a komodo dragon, a
vampire and a vampire mosquito.

Vanquished Creatures
  Azrael (D:12)
  Fannar (D:10)
  Erolcha (D:10)
  4 centaur warriors
  2 hydras
  A catoblepas (D:13)
  4 two-headed ogres
  6 death yaks (D:11)
  2 tengu warriors (D:13)
  Sonja (D:10)
  An unseen horror (D:11)
  The ghost of Xurdan the Carver, a novice HuBe of Trog (D:7)
  The ghost of babuloseo the Shooter, a novice HuHu of Xom (D:7)
  The ghost of Turner1 the Covered, a novice HuFi of Zin (D:7)
  2 deep elf magi (D:13)
  7 ugly things
  2 orc knights (D:13)
  The ghost of coolio the Covered, a novice DsFi of Yredelemnul (D:7)
  The ghost of Snicker the Chiller, a novice MfIE of Vehumet (D:7)
  A cyclops (D:12)
  A gargoyle (D:14)
  Maggie (D:7)
  2 kobold demonologists
  2 komodo dragons
  5 trolls
  2 hornets
  4 hippogriffs
  A wraith (D:10)
  2 fire elementals (D:12)
  2 shadows (D:13)
  6 yaks (D:10)
  4 hungry ghosts
  A wyvern (D:14)
  16 humans (D:13)
  7 vampire mosquitoes
  Menkaure (D:7)
  A steam dragon (D:10)
  2 soldier ants (D:9)
  4 hell hounds (D:12)
  A water moccasin (D:10)
  2 sky beasts (D:8)
  An ice beast (D:11)
  9 orc warriors
  3 phantoms
  An eye of draining (D:14)
  A necrophage (D:11)
  A black bear (D:11)
  4 ogres
  4 centaurs
  2 crocodiles
  Blork the orc (D:6)
  2 elf zombies (Ossuary)
  13 bullfrogs
  A water moccasin zombie (D:6)
  A wyvern skeleton (D:12)
  6 scorpions
  12 wights
  An electric eel (D:10)
  2 howler monkeys (D:8)
  8 crimson imps
  2 quasits
  4 centaur zombies
  3 bullfrog zombies
  6 hounds
  4 jellies
  13 orc priests
  A gnoll shaman (D:6)
  12 orc wizards
  4 centaur skeletons
  9 worker ants
  A big kobold zombie (Ossuary)
  3 hound zombies (Ossuary)
  2 howler monkey zombies
  3 mummies (Ossuary)
  A howler monkey skeleton (D:9)
  22 gnolls
  13 adders
  4 shadow imps
  2 adder zombies (Ossuary)
  An adder skeleton (D:6)
  4 worms
  4 dart slugs
  9 leopard geckos
  42 orcs
  5 bats
  5 giant cockroaches
  5 goblins
  9 hobgoblins
  11 jackals
  4 quokkas
  7 ball pythons
  5 frilled lizards
  A gnoll zombie (Ossuary)
  7 goblin zombies (Ossuary)
  A hobgoblin zombie (Ossuary)
  3 jackal zombies (Ossuary)
  5 kobolds
  8 kobold zombies (Ossuary)
  A leopard gecko skeleton (D:4)
  3 quokka zombies (Ossuary)
  13 rats
  2 rat zombies (Ossuary)
  A fungus (D:12)
446 creatures vanquished.

Vanquished Creatures (others)
  An orc (D:12)
  A fungus (D:12)
  3 toadstools (D:12)
5 creatures vanquished.

Grand Total: 451 creatures vanquished

Notes
Turn   | Place    | Note
-------+----------+-------------------------------------------
     0 | D:1      | hawla the Minotaur Fighter began the quest for the Orb.
     0 | D:1      | Reached XP level 1. HP: 19/19 MP: 0/0
   272 | D:1      | Reached XP level 2. HP: 12/27 MP: 1/1
   681 | D:1      | Reached skill level 1 in Dodging
   967 | D:2      | Reached XP level 3. HP: 24/33 MP: 2/2
  1082 | D:2      | Reached skill level 3 in Long Blades
  1496 | D:2      | Reached XP level 4. HP: 41/41 MP: 3/3
  1860 | D:2      | Found a shimmering altar of Xom.
  2204 | D:3      | Reached skill level 4 in Long Blades
  2204 | D:3      | Reached XP level 5. HP: 47/47 MP: 4/4
  2329 | D:3      | Reached skill level 1 in Short Blades
  2463 | D:3      | You fall into a shaft and drop 3 floors!
  2477 | D:6      | Reached skill level 1 in Stealth
  2538 | D:5      | Entered Level 5 of the Dungeon
  2552 | D:5      | Reached XP level 6. HP: 53/53 MP: 5/5
  2651 | D:3      | Found a blossoming altar of Fedhas.
  2651 | D:3      | Found a shimmering altar of Xom.
  2660 | D:3      | Found a glowing golden altar of the Shining One.
  3200 | D:4      | Reached skill level 5 in Fighting
  3407 | D:4      | Found a staircase to the Ecumenical Temple.
  3460 | Temple   | Entered the Ecumenical Temple
  3523 | Temple   | Became a worshipper of Gozag Ym Sagoz the Greedy
  3588 | D:4      | Reached XP level 7. HP: 61/61 MP: 6/6
  4645 | D:6      | Reached skill level 5 in Long Blades
  4652 | D:6      | Reached skill level 5 in Short Blades
  4767 | D:6      | Reached skill level 5 in Armour
  4767 | D:6      | Reached XP level 8. HP: 62/68 MP: 7/7
  4773 | D:6      | Reached skill level 5 in Dodging
  5182 | D:6      | Found a white marble altar of Elyvilon.
  5463 | D:6      | Noticed Blork the orc
  5473 | D:6      | Killed Blork the orc
  5628 | D:7      | Found a sand-covered staircase.
  5628 | D:7      | Noticed Maggie
  5635 | Ossuary  | Entered an ossuary
  6105 | D:7      | Killed Maggie
  6105 | D:7      | Reached XP level 9. HP: 71/75 MP: 8/8
  6192 | D:7      | Reached skill level 6 in Long Blades
  6229 | D:7      | Found a runed translucent gate.
  6229 | D:7      | Found a runed translucent gate.
  6229 | D:7      | Found a runed translucent gate.
  6229 | D:7      | Noticed Snicker's ghost (novice MfIE)
  6229 | D:7      | Noticed Turner1's ghost (novice HuFi)
  6229 | D:7      | Noticed Xurdan's ghost (novice HuBe)
  6230 | D:7      | Noticed coolio's ghost (novice DsFi)
  6230 | D:7      | Noticed babuloseo's ghost (novice HuHu)
  6410 | D:7      | Noticed Menkaure
  6413 | D:7      | Killed Menkaure
  6977 | D:8      | Noticed a two-headed ogre
  6998 | D:8      | Gained mutation: You are weak. (Str -2) [potion of
                  | mutation]
  6998 | D:8      | Gained mutation: You have sharp toenails. [potion of
                  | mutation]
  6998 | D:8      | Gained mutation: Scrolls take you a little longer to read.
                  | [potion of mutation]
  6998 | D:8      | Gained mutation: Your system is resistant to poisons.
                  | (rPois) [potion of mutation]
  7001 | D:8      | Killed a two-headed ogre
  7001 | D:8      | Reached skill level 7 in Long Blades
  7001 | D:8      | Reached skill level 1 in Throwing
  7508 | D:8      | Reached skill level 8 in Long Blades
  7508 | D:8      | Reached XP level 10. HP: 83/86 MP: 9/9
  8705 | D:9      | Found a burning altar of Makhleb.
  8975 | D:9      | Got an ichor-stained scale mail
  8978 | D:9      | Identified the cursed +0 scale mail of Wuilid {Harm Int+2
                  | Stlth-} (You found it on level 9 of the Dungeon)
  9043 | D:10     | Entered Level 10 of the Dungeon
  9055 | D:10     | Got a glimmering falchion
  9056 | D:10     | Identified the +8 falchion "Fokikhel" {vorpal, +Fly rElec
                  | rF- Int+7} (You found it on level 10 of the Dungeon)
  9110 | D:10     | Found a bloodstained altar of Trog.
  9116 | D:10     | Reached skill level 9 in Long Blades
  9614 | D:10     | Noticed Sonja
  9619 | D:10     | Killed Sonja
  9619 | D:10     | Reached XP level 11. HP: 89/95 MP: 10/10
  9741 | D:10     | Found a large runed translucent door.
  9743 | D:10     | Found a large runed translucent door.
  9764 | D:10     | Noticed a centaur warrior
 10157 | D:10     | Noticed Fannar
 10171 | D:10     | Killed Fannar
 10171 | D:10     | Reached skill level 10 in Armour
 10204 | D:10     | Noticed Erolcha
 10226 | D:10     | Killed Erolcha
 10355 | D:10     | Noticed a two-headed ogre
 10360 | D:10     | Killed a two-headed ogre
 10360 | D:10     | Reached skill level 10 in Long Blades
 10651 | D:10     | Found a staircase to the Orcish Mines.
 11302 | D:7      | Killed coolio's ghost
 11317 | D:7      | Killed Snicker's ghost
 11329 | D:7      | Killed Xurdan's ghost
 11335 | D:7      | Killed Turner1's ghost
 11344 | D:7      | Killed babuloseo's ghost
 11985 | D:11     | Found a portal to a secret trove of treasure.
 12057 | D:11     | Noticed a death yak
 12057 | D:11     | Noticed a death yak
 12058 | D:11     | Found a staircase to the Lair.
 12059 | D:11     | Noticed a death yak
 12061 | D:11     | Noticed a death yak
 12062 | D:11     | Noticed a death yak
 12065 | D:11     | Noticed a death yak
 12137 | D:11     | Killed a death yak
 12137 | D:11     | Reached skill level 11 in Long Blades
 12147 | D:11     | Killed a death yak
 12147 | D:11     | Reached XP level 12. HP: 28/105 MP: 11/11
 12150 | D:11     | Killed a death yak
 12155 | D:11     | Killed a death yak
 12155 | D:11     | Reached skill level 10 in Dodging
 12174 | D:11     | Killed a death yak
 12178 | D:11     | Killed a death yak
 13343 | D:12     | Reached skill level 5 in Throwing
 13474 | D:12     | Noticed an eight-headed hydra
 13486 | D:12     | Killed an eight-headed hydra
 14388 | D:12     | Noticed Azrael
 14391 | D:12     | Reached skill level 10 in Fighting
 14416 | D:12     | Killed Azrael
 15051 | D:13     | Found a roughly hewn altar of Beogh.
 15061 | D:13     | Reached skill level 12 in Long Blades
 15309 | D:13     | Noticed a tengu warrior
 15310 | D:13     | Noticed a tengu warrior
 15312 | D:13     | Noticed a two-headed ogre
 15320 | D:13     | Killed a two-headed ogre
 15326 | D:13     | Killed a tengu warrior
 15376 | D:13     | Killed a tengu warrior
 15670 | D:13     | Noticed a centaur warrior
 15680 | D:13     | Killed a centaur warrior
 15680 | D:13     | Reached XP level 13. HP: 98/114 MP: 12/12
 15898 | D:13     | Found Nelerufa's General Store.
 15901 | D:13     | Bought a phial of floods for 520 gold pieces
 15901 | D:13     | Bought a scroll of remove curse for 39 gold pieces
 15901 | D:13     | Bought a cursed ring of attention for 58 gold pieces
 15901 | D:13     | Bought a scroll of brand weapon for 260 gold pieces
 15901 | D:13     | Bought a scroll of summoning for 123 gold pieces
 15901 | D:13     | Bought a scroll of identify for 26 gold pieces
 15901 | D:13     | Bought a ration for 65 gold pieces
 15901 | D:13     | Bought a scroll of acquirement for 676 gold pieces
 16254 | Temple   | Acquired the +2 cloak of Twilight {Int+2}
 16512 | D:14     | Found a gate to the Vaults.
 16512 | D:14     | Noticed a fire dragon
 17064 | D:13     | Reached skill level 13 in Long Blades
 17536 | D:14     | Reached skill level 1 in Evocations
 18752 | D:15     | Entered Level 15 of the Dungeon
 18914 | D:14     | HP: 7/174 [four-headed hydra (3)]
 18915 | D:14     | HP: 2/174 [brown ugly thing (5)]
 18915 | D:14     | Splashed by a brown ugly thing's acid

Illustrated notes

Levels and vault maps discovered:
D:1:      nicolae_arrival_washed_ashore, layout_basic, hex_large,
          dk_noncrumbling_3
D:2:      layout_loops_cross, tgw_xom
D:3:      layout_basic, nicolae_overflow_hidden_temple, first_ration,
          minmay_shallow_snake_nest
D:4:      layout_cave_pools, minmay_temple_entry_large_hall
D:5:      layout_basic
D:6:      layout_gridville, elyvilon_altar_3, uniq_blork_the_orc
D:7:      layout_gridville, chequers_ossuary_entry_cave,
          gammafunk_ghost_cemetery, uniq_menkaure, uniq_maggie
D:8:      layout_gridville
D:9:      layout_basic, lemuel_doored_altar, serial_bayou_pond_e,
          hangedman_pestilent_swarm
D:10:     okawaru_arena_lexackson, layout_stronghold, erik_orc_2, basic_altar,
          uniq_sonja, uniq_fannar, uniq_erolcha
D:11:     layout_gridville, dpeg_lair_monsters, enter_trove_3
D:12:     layout_basic, drop_trap, minmay_gold_behind_fungi, uniq_azrael
D:13:     layout_basic, special_room [special_room_orc], serial_shops,
          kennysheep_mini, kennysheep_generic_room_3
D:14:     layout_loops_ring, david_vaults_3
D:15:     grunt_enter_depths_magical_seal, layout_cave_pools, basic_altar,
          serial_shops, shop
Temple:   eino_narrow_crystal_temple

Skill      XL: |  1  2  3  4  5  6  7  8  9 10 11 12 13 |
---------------+----------------------------------------+-----
Armour         | 4 5 6 7 9 10 12 | 12.9
Dodging        | 1 2 3 4 6 7 8 9 11 | 11.9
Fighting       | 4 5 6 7 8 9 10 11 | 11.4
Long Blades    | 3 4 5 8 9 11 12 13 | 13.6
Short Blades   | 2 3 5 6 7 8 9 |  9.0
Stealth        | 1 2 3 |  3.9
Throwing       | 1 2 4 5 |  5.9
Evocations     | 1 |  1.4
Shields        | |  3.6

Action                   |  1- 3 |  4- 6 |  7- 9 | 10-12 | 13-15 || total
-------------------------+-------+-------+-------+-------+-------++-------
Melee: Long sword        |    57 |       |       |       |       ||    57
       Headbutt          |     5 |    15 |    84 |   162 |    86 ||   352
       Dagger            |    18 |   131 |   104 |   217 |    32 ||   502
       Falchion          |       |       |    42 |   309 |   195 ||   546
       Short sword       |       |       |   127 |       |       ||   127
       Scimitar          |       |       |    79 |       |    10 ||    89
       Demon blade       |       |       |       |    74 |       ||    74
Throw: Dart              |       |       |     9 |    70 |       ||    79
       Boomerang         |       |       |       |    21 |     5 ||    26
       Javelin           |       |       |       |     3 |       ||     3
 Abil: Stop Flying       |       |       |       |     1 |       ||     1
       Evoke Flight      |       |       |       |     1 |       ||     1
Evoke: Wand              |       |       |     1 |     1 |     3 ||     5
  Use: Scroll            |     2 |     2 |     7 |     7 |     3 ||    21
       Potion            |       |       |     3 |    12 |     4 ||    19
 Stab: Distracted        |       |       |     1 |     1 |     2 ||     4
       Sleeping          |       |       |       |     7 |       ||     7
       Invisible         |       |       |       |     2 |       ||     2
  Eat: Chunk             |     2 |     6 |       |       |       ||     8
       Ration            |       |       |     4 |    10 |     6 ||    20
Armor: Skin              |    17 |     4 |       |     6 |    42 ||    69
       Robe              |       |    29 |       |       |       ||    29
       Leather armour    |       |    17 |     4 |       |       ||    21
       Ring mail         |       |       |    28 |       |       ||    28
       Scale mail        |       |       |    42 |       |       ||    42
       Chain mail        |       |       |    25 |    99 |   136 ||   260
       Plate armour      |       |       |       |   119 |       ||   119
Dodge: Dodged            |    51 |    83 |   166 |   235 |   181 ||   716
       Rpst.: Long sword |     7 |       |       |       |       ||     7
       Falchion          |       |       |    11 |    28 |    45 ||    84
       Scimitar          |       |       |    10 |       |     4 ||    14
       Demon blade       |       |       |       |    11 |       ||    11
